| TOP OF THE 1ST |
|
Vanderbilt University Commodores batting - Pitching for Stanford University Cardinal : RHP Josh Ross
|
|
Pitching: RHP Josh Ross
|
|
|
Batting: SHB D.J. Davis
|
0-0: Ball 1-0: Ball 2-0: Bunt for hit to 2R - play at first, batter safe!
|
|
Batting: RHB Eric Hays
|
0-0: Grounds into double play, 5-4-3 (Groundball, 56, EV 77.5 MPH)
|
|
Batting: RHB Jose Ramos
|
0-0: Swinging Strike 0-1: Called Strike 0-2: Ball 1-2: Foul Ball, location: 2F 1-2: Strikes out swinging
|
| Top of the 1st over - 0 runs, 1 hit, 0 errors, 0 left on base; Vanderbilt University 0 - Stanford University 0 |
| BOTTOM OF THE 1ST |
|
Stanford University Cardinal batting - Pitching for Vanderbilt University Commodores : LHP Kevin Folse
|
|
Pitching: LHP Kevin Folse
|
|
|
Batting: RHB John Van der Linden
|
0-0: Ball 1-0: Ball 2-0: SINGLE (Groundball, 56D, EV 106.9 MPH)
|
|
Batting: RHB Joe Gabriel
|
0-0: Swinging Strike 0-1: Swinging Strike 0-2: Ball 1-2: Strikes out swinging
|
|
Batting: RHB Joe Petley
|
0-0: Ball 1-0: SINGLE (Groundball, 34, EV 105.0 MPH) (infield hit) John Van der Linden to second
|
|
Batting: LHB Donny Kleinjan
|
0-0: Called Strike 0-1: SINGLE (Line Drive, 4MD, EV 96.9 MPH) John Van der Linden to third Joe Petley to second
|
|
Batting: LHB Chien Sam
|
0-0: Called Strike 0-1: Called Strike 0-2: Ball 1-2: Strikes out swinging
|
|
Batting: RHB Josh Benefield
|
0-0: Ball 1-0: Ball 2-0: Called Strike 2-1: Ball 3-1: Called Strike 3-2: Strikes out swinging
|
| Bottom of the 1st over - 0 runs, 3 hits, 0 errors, 3 left on base; Vanderbilt University 0 - Stanford University 0 |
| TOP OF THE 2ND |
|
Vanderbilt University Commodores batting - Pitching for Stanford University Cardinal : RHP Josh Ross
|
|
Batting: LHB Josh Jett
|
0-0: Fly out, F8 (Flyball, 78D, EV 86.9 MPH)
|
|
Batting: SHB Paul Dupuis
|
0-0: Foul Ball, location: 2F 0-1: Foul Ball, location: 2F 0-2: Foul Ball, location: 2F 0-2: Ball 1-2: Strikes out swinging
|
|
Batting: RHB Paul Johnson
|
0-0: Ball 1-0: Ball 2-0: Ball 3-0: Base on Balls
|
|
Batting: RHB Pakiana Kileona
|
0-0: Fielders Choice at 2nd, 5-4 (Groundball, 56, EV 78.1 MPH)
|
| Top of the 2nd over - 0 runs, 0 hits, 0 errors, 1 left on base; Vanderbilt University 0 - Stanford University 0 |
| BOTTOM OF THE 2ND |
|
Stanford University Cardinal batting - Pitching for Vanderbilt University Commodores : LHP Kevin Folse
|
|
Batting: LHB Bryan Davidson
|
0-0: Ball 1-0: Foul Ball, location: 2F 1-1: Ball 2-1: Ball 3-1: Foul Ball, location: 2F 3-2: Ground out 5-3 (Groundball, 56S, EV 83.8 MPH)
|
|
Batting: RHB Ted Hickey
|
0-0: Called Strike 0-1: Ball 1-1: Foul Ball, location: 2F 1-2: Ball 2-2: Foul Ball, location: 2F 2-2: Strikes out swinging
|
|
Batting: LHB Mike Keating
|
0-0: Called Strike 0-1: Ball 1-1: Swinging Strike 1-2: Ground out 4-3 (Groundball, 4, EV 103.8 MPH)
|
| Bottom of the 2nd over - 0 runs, 0 hits, 0 errors, 0 left on base; Vanderbilt University 0 - Stanford University 0 |
| TOP OF THE 3RD |
|
Vanderbilt University Commodores batting - Pitching for Stanford University Cardinal : RHP Josh Ross
|
|
Batting: RHB Brad Nathan
|
0-0: Foul Ball, location: 2F 0-1: Fly out, F9 (Line Drive, 9S, EV 108.1 MPH)
|
|
Batting: SHB Adam Hoffman
|
0-0: Swinging Strike 0-1: Ball 1-1: Foul Ball, location: 2F 1-2: Foul Ball, location: 2F 1-2: Strikes out swinging
|
|
Batting: SHB D.J. Davis
|
0-0: Foul Ball, location: 2F 0-1: Ball 1-1: Swinging Strike 1-2: DOUBLE (Line Drive, 9LM, EV 96.2 MPH)
|
|
Batting: RHB Eric Hays
|
0-0: Foul Ball, location: 2F 0-1: Foul Ball, location: 2F 0-2: Strikes out swinging
|
| Top of the 3rd over - 0 runs, 1 hit, 0 errors, 1 left on base; Vanderbilt University 0 - Stanford University 0 |
| BOTTOM OF THE 3RD |
|
Stanford University Cardinal batting - Pitching for Vanderbilt University Commodores : LHP Kevin Folse
|
|
Batting: RHB John Van der Linden
|
0-0: Ball 1-0: Ball 2-0: Called Strike 2-1: Ball 3-1: Base on Balls
|
|
Pitching: RHP Craig Wayne
|
|
|
Batting: RHB Joe Gabriel
|
0-0: Ball Wild Pitch! John Van der Linden to second 1-0: Swinging Strike 1-1: Called Strike 1-2: Fly out, F9 (Line Drive, 9, EV 93.1 MPH)
|
|
Batting: RHB Joe Petley
|
0-0: Called Strike 0-1: Foul Ball, location: 2F 0-2: Strikes out looking
|
|
Batting: LHB Donny Kleinjan
|
0-0: Ball 1-0: SINGLE (Groundball, 34D, EV 96.9 MPH) John Van der Linden to third Runner from 3rd tries for Home, SAFE, throw by RF to home
|
|
Batting: LHB Chien Sam
|
0-0: Ball 1-0: Ball 2-0: Called Strike 2-1: Foul Ball, location: 2F 2-2: Strikes out swinging
|
| Bottom of the 3rd over - 1 run, 1 hit, 0 errors, 1 left on base; Vanderbilt University 0 - Stanford University 1 |
| TOP OF THE 4TH |
|
Vanderbilt University Commodores batting - Pitching for Stanford University Cardinal : RHP Josh Ross
|
|
Batting: RHB Jose Ramos
|
0-0: Called Strike 0-1: Ball 1-1: Ball 2-1: Ball 3-1: Ground out 6-3 (Groundball, 4M, EV 90.0 MPH)
|
|
Batting: LHB Josh Jett
|
0-0: Ball 1-0: Called Strike 1-1: Ground out 5-3 (Groundball, 5, EV 103.8 MPH)
|
|
Batting: SHB Paul Dupuis
|
0-0: Swinging Strike 0-1: Fly out, F9 (Line Drive, 9LS, EV 96.2 MPH)
|
| Top of the 4th over - 0 runs, 0 hits, 0 errors, 0 left on base; Vanderbilt University 0 - Stanford University 1 |
| BOTTOM OF THE 4TH |
|
Stanford University Cardinal batting - Pitching for Vanderbilt University Commodores : RHP Craig Wayne
|
|
Batting: RHB Josh Benefield
|
0-0: Ball 1-0: Called Strike 1-1: Called Strike 1-2: Ball 2-2: Ball 3-2: Base on Balls
|
|
Batting: LHB Bryan Davidson
|
0-0: Ball 1-0: Ball 2-0: Foul Ball, location: 2F 2-1: Called Strike Josh Benefield steals 2nd base 2-2: Ground out 4-3 (Groundball, 4MS, EV 80.6 MPH) Josh Benefield to third
|
|
Batting: RHB Ted Hickey
|
0-0: Ball 1-0: Swinging Strike 1-1: Foul Ball, location: 2F 1-2: Ball 2-2: Ball 3-2: Strikes out swinging
|
|
Batting: LHB Mike Keating
|
0-0: Swinging Strike 0-1: Ball 1-1: Ball 2-1: Swinging Strike 2-2: Strikes out swinging
|
| Bottom of the 4th over - 0 runs, 0 hits, 0 errors, 1 left on base; Vanderbilt University 0 - Stanford University 1 |
| TOP OF THE 5TH |
|
Vanderbilt University Commodores batting - Pitching for Stanford University Cardinal : RHP Josh Ross
|
|
Pitching: LHP Larry Steen
|
|
|
Now at C: Mike Gard
|
|
|
Now at 1B: Gary Preston
|
|
|
Now at 2B: Ted Hickey
|
|
|
Now at SS: Dzevat Koljevic
|
|
|
Now in LF: Caleb Hartwell
|
|
|
Batting: RHB Paul Johnson
|
0-0: Foul Ball, location: 2F 0-1: Ball 1-1: Swinging Strike 1-2: Strikes out swinging
|
|
Batting: RHB Pakiana Kileona
|
0-0: Fly out, F8 (Flyball, 8LM, EV 88.1 MPH)
|
|
Batting: RHB Brad Nathan
|
0-0: Ball 1-0: Swinging Strike 1-1: Swinging Strike 1-2: Ball 2-2: Strikes out swinging
|
| Top of the 5th over - 0 runs, 0 hits, 0 errors, 0 left on base; Vanderbilt University 0 - Stanford University 1 |
| BOTTOM OF THE 5TH |
|
Stanford University Cardinal batting - Pitching for Vanderbilt University Commodores : RHP Craig Wayne
|
|
Pitching: RHP Elijah Ogletree
|
|
|
Batting: RHB Gary Preston
|
0-0: Ball 1-0: Swinging Strike 1-1: Foul Ball, location: 2F 1-2: Foul Ball, location: 2F 1-2: Strikes out looking
|
|
Batting: RHB Joe Gabriel
|
0-0: Ground out U3 (Groundball, 3L, EV 92.5 MPH)
|
|
Batting: RHB Joe Petley
|
0-0: Ball 1-0: Ball 2-0: Called Strike 2-1: Swinging Strike 2-2: Strikes out swinging
|
| Bottom of the 5th over - 0 runs, 0 hits, 0 errors, 0 left on base; Vanderbilt University 0 - Stanford University 1 |
| TOP OF THE 6TH |
|
Vanderbilt University Commodores batting - Pitching for Stanford University Cardinal : LHP Larry Steen
|
|
Pitching: RHP John Hollinger
|
|
|
Batting: SHB Adam Hoffman
|
0-0: Ball 1-0: Ground out 6-3 (Groundball, 6, EV 80.0 MPH)
|
|
Batting: SHB D.J. Davis
|
0-0: Called Strike 0-1: Foul Ball, location: 2F 0-2: Ball 1-2: Strikes out swinging
|
|
Batting: RHB Eric Hays
|
0-0: SOLO HOME RUN (Flyball, 89XD, EV 108.1 MPH), Distance : 417 ft
|
|
Batting: RHB Jose Ramos
|
0-0: Ball 1-0: Ball 2-0: Called Strike 2-1: Foul Ball, location: 2F 2-2: Ground out 4-3 (Groundball, 4, EV 80.0 MPH)
|
| Top of the 6th over - 1 run, 1 hit, 0 errors, 0 left on base; Vanderbilt University 1 - Stanford University 1 |
| BOTTOM OF THE 6TH |
|
Stanford University Cardinal batting - Pitching for Vanderbilt University Commodores : RHP Elijah Ogletree
|
|
Pitching: RHP Tyler Patel
|
|
|
Batting: LHB Caleb Hartwell
|
0-0: Called Strike 0-1: Ball 1-1: Called Strike 1-2: Fly out, F7 (Flyball, 7D, EV 99.4 MPH)
|
|
Batting: RHB Mike Gard
|
0-0: Fly out, F9 (Flyball, 9, EV 85.6 MPH)
|
|
Batting: RHB Josh Benefield
|
0-0: Ball 1-0: Ground out 5-3 (Groundball, 5, EV 83.8 MPH)
|
| Bottom of the 6th over - 0 runs, 0 hits, 0 errors, 0 left on base; Vanderbilt University 1 - Stanford University 1 |
| TOP OF THE 7TH |
|
Vanderbilt University Commodores batting - Pitching for Stanford University Cardinal : RHP John Hollinger
|
|
Pitching: RHP Andy Swan
|
|
|
Batting: LHB Josh Jett
|
0-0: SINGLE (Groundball, 4MS, EV 61.9 MPH) (infield hit)
|
|
Batting: SHB Paul Dupuis
|
0-0: Ball 1-0: Ball Wild Pitch! Josh Jett to second 2-0: Ball 3-0: Called Strike 3-1: Called Strike 3-2: Base on Balls
|
|
Batting: RHB Paul Johnson
|
0-0: Ball 1-0: Ball 2-0: Ball 3-0: Called Strike 3-1: Called Strike 3-2: Foul Ball, location: 2F 3-2: Base on Balls Josh Jett to third Paul Dupuis to second
|
|
Pitching: RHP Warren Waldman
|
|
|
Batting: RHB Pakiana Kileona
|
0-0: Called Strike 0-1: Called Strike 0-2: Ball 1-2: Ball 2-2: Grounds into fielders choice 3-2 (Groundball, 34S, EV 81.9 MPH) Paul Dupuis to third Paul Johnson to second
|
|
Batting: RHB Brad Nathan
|
0-0: Called Strike 0-1: Called Strike 0-2: Fly out, F9 (Flyball, 89S, EV 93.8 MPH)
|
|
Batting: SHB Adam Hoffman
|
0-0: Ball 1-0: Called Strike 1-1: Called Strike 1-2: Ball Wild Pitch! Paul Dupuis scores Paul Johnson to third Pakiana Kileona to second 2-2: Strikes out swinging
|
| Top of the 7th over - 1 run, 1 hit, 0 errors, 2 left on base; Vanderbilt University 2 - Stanford University 1 |
| BOTTOM OF THE 7TH |
|
Stanford University Cardinal batting - Pitching for Vanderbilt University Commodores : RHP Tyler Patel
|
|
Pitching: LHP Lothar Wendelin
|
|
|
Batting: RHB Carlton Hookway
|
0-0: Called Strike 0-1: Ground out U3 (Groundball, 34S, EV 80.0 MPH)
|
|
Pitching: RHP Milutin Mladjenovic
|
|
|
Batting: RHB Ted Hickey
|
0-0: SINGLE (Groundball, 6MD, EV 105.6 MPH)
|
|
Batting: RHB Dzevat Koljevic
|
0-0: Ball 1-0: Fly out, F8 (Flyball, 8RD, EV 81.2 MPH)
|
|
Batting: RHB Gary Preston
|
0-0: Foul Ball, location: 2F 0-1: Swinging Strike 0-2: Ball 1-2: Strikes out swinging
|
| Bottom of the 7th over - 0 runs, 1 hit, 0 errors, 1 left on base; Vanderbilt University 2 - Stanford University 1 |
| TOP OF THE 8TH |
|
Vanderbilt University Commodores batting - Pitching for Stanford University Cardinal : RHP Warren Waldman
|
|
Pitching: RHP Kyle Cannon
|
|
|
Batting: SHB D.J. Davis
|
0-0: Ball 1-0: Ball 2-0: Foul Ball, location: 2F 2-1: Foul Ball, location: 2F 2-2: Ball 3-2: Strikes out swinging
|
|
Batting: RHB Eric Hays
|
0-0: Ball 1-0: Called Strike 1-1: Foul Ball, location: 2F 1-2: Strikes out swinging
|
|
Batting: RHB Jose Ramos
|
0-0: Ball 1-0: Ball 2-0: Called Strike 2-1: Swinging Strike 2-2: Strikes out swinging
|
| Top of the 8th over - 0 runs, 0 hits, 0 errors, 0 left on base; Vanderbilt University 2 - Stanford University 1 |
| BOTTOM OF THE 8TH |
|
Stanford University Cardinal batting - Pitching for Vanderbilt University Commodores : RHP Milutin Mladjenovic
|
|
Batting: RHB Joe Gabriel
|
0-0: Swinging Strike 0-1: Foul Ball, location: 2F 0-2: Strikes out swinging
|
|
Batting: RHB Joe Petley
|
0-0: Ball 1-0: Swinging Strike 1-1: Ball 2-1: Ground out 6-3 (Groundball, 6, EV 103.1 MPH)
|
|
Batting: LHB Caleb Hartwell
|
0-0: Swinging Strike 0-1: Foul Ball, location: 2F 0-2: Ground out 4-3 (Groundball, 34, EV 103.8 MPH)
|
| Bottom of the 8th over - 0 runs, 0 hits, 0 errors, 0 left on base; Vanderbilt University 2 - Stanford University 1 |
| TOP OF THE 9TH |
|
Vanderbilt University Commodores batting - Pitching for Stanford University Cardinal : RHP Kyle Cannon
|
|
Pitching: LHP Marco Mendez
|
|
|
Batting: LHB Josh Jett
|
0-0: Called Strike 0-1: Swinging Strike 0-2: Foul Ball, location: 2F 0-2: Fly out, F8 (Line Drive, 8LD, EV 92.5 MPH)
|
|
Batting: SHB Paul Dupuis
|
0-0: DOUBLE (Line Drive, 7LS, EV 90.6 MPH)
|
|
Batting: RHB Paul Johnson
|
0-0: Intentional Walk
|
|
Batting: RHB Pakiana Kileona
|
0-0: Ball 1-0: Ball 2-0: Ball 3-0: Called Strike 3-1: Foul Ball, location: 2F 3-2: Foul Ball, location: 2F 3-2: Fielders Choice at 2nd, 6-4 (Groundball, 6, EV 89.4 MPH) Paul Dupuis to third
|
|
Batting: RHB Brad Nathan
|
0-0: Ball 1-0: Called Strike 1-1: Foul Ball, location: 2F 1-2: Ball 2-2: Ball 3-2: Strikes out swinging
|
| Top of the 9th over - 0 runs, 1 hit, 0 errors, 2 left on base; Vanderbilt University 2 - Stanford University 1 |
| BOTTOM OF THE 9TH |
|
Stanford University Cardinal batting - Pitching for Vanderbilt University Commodores : RHP Milutin Mladjenovic
|
|
Pitching: LHP Kyle McGuire
|
|
|
Batting: RHB Mike Gard
|
0-0: Foul Ball, location: 2F 0-1: Ball 1-1: Ball 2-1: Foul Ball, location: 2F 2-2: Strikes out swinging
|
|
Batting: RHB Josh Benefield
|
0-0: Ball 1-0: Ground out 4-3 (Groundball, 4M, EV 88.1 MPH)
|
|
Batting: RHB Carlton Hookway
|
0-0: Ball 1-0: SINGLE (Groundball, 56D, EV 105.6 MPH)
|
|
Batting: RHB Ted Hickey
|
0-0: Called Strike 0-1: Fly out, F6 (Line Drive, 6, EV 76.2 MPH)
|
| Bottom of the 9th over - 0 runs, 1 hit, 0 errors, 1 left on base; Vanderbilt University 2 - Stanford University 1 |
|